 Dungeon Crawl Stone Soup version 0.30-a0-377-g5cb311bc9f (webtiles) character file.

Game seed: 11636067981098403668

57409 MirrMurr the Tortoise (level 14, -6/88 HPs)
             Began as a Tengu Berserker on Nov 28, 2022.
             Was the Champion of Trog.
             Mangled by a boulder beetle (8 damage)
             ... on level 12 of the Dungeon.
             The game lasted 00:38:37 (20271 turns).

MirrMurr the Tortoise (Tengu Berserker)            Turns: 20271, Time: 00:38:38

Health: -6/88      AC: 29    Str: 23    XL:     14   Next: 86%
Magic:  15/15      EV: 17    Int:  9    God:    Trog [******]
Gold:   1201       SH:  6    Dex: 20    Spells: 13/13 levels left

rFire   . . .      SeeInvis .    a - +7 demon trident
rCold   . . .      Faith    .    D - +0 buckler
rNeg    . . .      Spirit   .    s - +10 chain mail "Wunugenn" {Contam rPois Str+2}
rPois   +          Reflect  .    (helmet restricted)
rElec   .          Harm     .    f - +1 cloak
rCorr   +          Rampage  .    k - +1 pair of gloves
Will    +....                    (boots unavailable)
Stlth   ..........               (no amulet)
HPRegen 0.34/turn                C - +6 ring of dexterity
MPRegen 0.14/turn                n - ring of resist corrosion

@: flying quickly and evasively, quick
A: beak, talons 3, nimble flight
a: Renounce Religion, Berserk, Trog's Hand, Brothers in Arms


You were on level 12 of the Dungeon.
You worshipped Trog.
Trog was exalted by your worship.
You visited 2 branches of the dungeon, and saw 17 of its levels.
You also visited: Sewer and Ossuary.

You collected 1201 gold pieces.

Inventory:

Hand Weapons
 a - a +7 demon trident (weapon)
Missiles
 e - 294 stones (quivered)
 l - 3 curare-tipped darts
 o - 3 boomerangs
 r - 32 poisoned darts
 F - 7 javelins
Armour
 f - a +1 cloak (worn)
 k - a +1 pair of gloves (worn)
 s - the +10 chain mail "Wunugenn" (worn) {Contam rPois Str+2}
   (You found it on level 6 of the Dungeon)

   Str:       It affects your strength (+2).
   rPois:     It protects you from poison.
   Contam:    It causes magical contamination when unequipped.
 D - a +0 buckler (worn)
Jewellery
 m - a ring of protection from fire
 n - a ring of resist corrosion (right hand)
 C - a +6 ring of dexterity (left hand)
 K - a +4 ring of protection
 N - a ring of ice
 O - an amulet of regeneration
Wands
 x - a wand of light (15)
 E - a wand of flame (26)
 H - a wand of mindburst (8)
 I - a wand of paralysis (10)
 L - a wand of iceblast (7)
 M - a wand of polymorph (1)
Scrolls
 b - 2 scrolls of immolation
 d - 3 scrolls of poison
 i - 8 scrolls of identify
 p - 4 scrolls of blinking
 q - a scroll of vulnerability
 u - 10 scrolls of teleportation
 w - a scroll of silence
 y - 2 scrolls of magic mapping
 G - 3 scrolls of fear
 J - 2 scrolls of fog
 P - a scroll of enchant armour
Potions
 c - 5 potions of cancellation
 g - 4 potions of heal wounds
 h - 12 potions of curing
 j - 4 potions of haste
 t - 4 potions of magic
 v - 7 potions of lignification
 z - 2 potions of might
 A - a potion of mutation
 B - a potion of ambrosia
Miscellaneous
 Q - a lightning rod (4/4)
 R - a box of beasts
 S - a condenser vane


   Skills:
 - Level 10.0 Fighting
 - Level 14.0 Polearms
 - Level 10.0 Throwing
 - Level 16.0 Armour
 + Level 10.5 Dodging
 - Level 5.0 Shields
 + Level 2.8 Evocations


You had 13 spell levels left.
You didn't know any spells.
Your spell library was empty.

Dungeon Overview and Level Annotations

Branches:
Dungeon (12/15)            Temple (0/1) D:7            Lair (5/5) D:9
 Shoals (0/4) Lair:2        Snake (0/4) Lair:2        Slime (0/5) Lair:5
    Orc (0/2) D:9           Sewer (visited)         Ossuary (visited)

Altars:
Dithmenos
Elyvilon
Fedhas
Okawaru
Trog
Uskayaw
Vehumet
Wu Jian
Yredelemnul
Zin
Jiyva

Shops:
D:2 *

Portals:
Trove: D:12 (give +2 storm dragon scales)

Annotations:
D:4 2 transporters, Stonecrops's ghost, amateur FoFi
D:5 2 transporters, bosakos's ghost, novice MiGl
D:7 3 runed translucent doors, atomjack's ghost, novice OpSu
Lair:3 3 runed translucent doors, Gelon's ghost, journeyman TeAE


Innate Abilities, Weirdness & Mutations

You have a beak for a mouth.
You have claws for feet.
Your magical nature lets you fly swiftly and evasively.


Message History

You barely miss the boulder beetle.
You claw the boulder beetle, but do no damage.
You peck the boulder beetle, but do no damage.
The boulder beetle is lightly wounded.
The boulder beetle leaps!
The boulder beetle curls into a ball and begins rolling!
You puncture the boulder beetle! You claw the boulder beetle.
You peck the boulder beetle, but do no damage.
The boulder beetle is moderately wounded.
The boulder beetle hits you!!!
* * * LOW HITPOINT WARNING * * *
The boulder beetle stops rolling and uncurls.
You are too injured to fight recklessly!
You are too injured to fight recklessly!
You are too injured to fight recklessly!
You are too injured to fight recklessly!
You are too injured to fight recklessly!
You hit the boulder beetle but do no damage.
You claw the boulder beetle, but do no damage.
You peck the boulder beetle.
The boulder beetle is moderately wounded.
You puncture the boulder beetle!
You claw the boulder beetle, but do no damage.
You peck the boulder beetle, but do no damage.
The boulder beetle is heavily wounded.
You block the boulder beetle's attack.
You hit the boulder beetle but do no damage.
You claw the boulder beetle, but do no damage.
You peck the boulder beetle, but do no damage.
The boulder beetle is heavily wounded.
The boulder beetle bites you!
* * * LOW HITPOINT WARNING * * *
You hit the boulder beetle but do no damage.
You claw the boulder beetle.
The boulder beetle is heavily wounded.
You hit the boulder beetle but do no damage.
You peck the boulder beetle, but do no damage.
The boulder beetle is heavily wounded.
The boulder beetle bites you!
You die...

......................
#............###..........
#............# #<.........
#............# #......####
#............# #......#
#............# #......####
.............###..........
#......................
#.....@B...............
#.................#####
+.................#....
#...#$........... #....
#...#............ #....
#...#..........). #....
#...#........... #....
+...#.......... #....
#............. #....


You could see a boulder beetle.

Vanquished Creatures
  Snorg (Lair:4)
  Fannar (Lair:3)
  3 hydras
  2 two-headed ogres (D:9)
  5 catoblepae
  8 death yaks (Lair:5)
  Urug (Lair:3)
  Nergalle (Lair:1)
  Pikel (D:5)
  3 manticores
  18 elephants
  A merfolk siren (Lair:2)
  3 black mambas
  16 cane toads
  2 rime drakes (Lair:5)
  9 komodo dragons
  A tengu conjurer (D:10)
  3 trolls
  Grinder (D:6)
  5 polar bears
  28 blink frogs
  5 slime creatures (D:12)
  A shadow (D:7)
  4 wyverns
  61 yaks
  2 vampires
  4 wraiths
  3 basilisks
  Menkaure (D:6)
  A steam dragon (D:7)
  2 vampire mosquitoes (D:10)
  2 nagas (Lair:2)
  4 acid dragons
  14 water moccasins
  3 orc warriors
  Pargi (Sewer)
  2 black bears
  20 wolves
  2 centaurs (D:9)
  A phantom (D:4)
  5 kobold brigands
  A lemure (D:5)
  13 bullfrogs
  3 gnoll sergeants
  A scorpion (D:5)
  A necrophage (D:6)
  17 wights
  10 killer bees
  3 howler monkeys (D:9)
  A jelly (D:5)
  3 hounds (D:5)
  3 orc priests
  Ijyb (D:3)
  4 iguanas
  4 orc wizards
  8 mummies (Ossuary)
  Robin (D:3)
  31 gnolls
  9 adders
  A shadow imp (D:5)
  12 white imps (D:11)
  2 ufetubi
  A worm (D:4)
  2 dart slugs
  27 orcs
  12 ball pythons
  4 endoplasms
  6 giant cockroaches
  10 hobgoblins
  3 jackals (D:1)
  2 quokkas
  6 bats
  6 frilled lizards
  2 gnoll zombies (Ossuary)
  15 goblins
  A goblin zombie (D:4)
  3 hobgoblin zombies (Ossuary)
  65 kobolds
  3 kobold zombies (Ossuary)
  8 rats
  A rat zombie (D:4)
557 creatures vanquished.

Vanquished Creatures (others)
  34 fungi
  46 plants
80 creatures vanquished.

Grand Total: 637 creatures vanquished

Notes
Turn   | Place    | Note
-------+----------+-------------------------------------------
     0 | D:1      | MirrMurr the Tengu Berserker began the quest for the Orb.
     0 | D:1      | Reached XP level 1. HP: 14/14 MP: 2/2
   127 | D:1      | Reached XP level 2. HP: 19/19 MP: 3/3
   648 | D:1      | Reached ** piety under Trog
   721 | D:1      | Reached XP level 3. HP: 23/23 MP: 4/4
   806 | D:1      | Found a faded altar of an unknown god.
  1314 | D:2      | Reached XP level 4. HP: 22/28 MP: 5/5
  1339 | D:2      | Reached skill level 5 in Polearms
  1616 | D:2      | Found Vihint's Assorted Antiques.
  1817 | D:2      | Found a radiant altar of Vehumet.
  1871 | D:3      | Noticed Ijyb
  2003 | D:3      | Found a glowing drain.
  2015 | Sewer    | Entered a sewer
  2115 | Sewer    | Noticed Pargi
  2123 | Sewer    | Killed Pargi
  2124 | Sewer    | Gained mutation: Your magical nature lets you fly swiftly
                  | and evasively. [Tengu growth]
  2124 | Sewer    | Reached XP level 5. HP: 24/32 MP: 6/6
  2567 | D:3      | Reached XP level 6. HP: 37/37 MP: 7/7
  2653 | D:3      | Reached *** piety under Trog
  2966 | D:3      | Reached XP level 7. HP: 41/41 MP: 8/8
  3054 | D:3      | Noticed Robin
  3087 | D:3      | Killed Robin
  3096 | D:3      | Reached **** piety under Trog
  3140 | D:3      | Reached skill level 5 in Dodging
  3370 | D:3      | Killed Ijyb
  3727 | D:4      | Found a sand-covered staircase.
  3752 | Ossuary  | Entered an ossuary
  4285 | D:4      | Reached XP level 8. HP: 46/46 MP: 9/9
  4337 | D:4      | Found a transporter.
  4337 | D:4      | Noticed Stonecrops's ghost (amateur FoFi)
  4338 | D:4      | Found a transporter.
  4482 | D:4      | Found a basalt altar of Yredelemnul.
  4542 | D:4      | Found a white marble altar of Elyvilon.
  4796 | D:5      | Entered Level 5 of the Dungeon
  5139 | D:5      | Noticed Pikel
  5174 | D:5      | Killed Pikel
  5175 | D:5      | Reached skill level 10 in Polearms
  5179 | D:5      | Reached ***** piety under Trog
  5388 | D:5      | Found a transporter.
  5682 | D:5      | Received a gift from Trog
  5683 | D:5      | Reached XP level 9. HP: 50/50 MP: 3/10
  5730 | D:5      | Found a blossoming altar of Fedhas.
  5801 | D:5      | You are sucked into a shaft and drop 1 floor!
  6064 | D:6      | Noticed Menkaure
  6451 | D:6      | Noticed Grinder
  6458 | D:6      | Killed Grinder
  6563 | D:5      | Noticed bosakos's ghost (novice MiGl)
  6565 | D:5      | Found a transporter.
  7018 | D:6      | Found an iron altar of Okawaru.
  7032 | D:6      | Identified the +10 chain mail "Wunugenn" {Contam rPois
                  | Str+2}
  7114 | D:6      | Killed Menkaure
  7525 | D:7      | Reached skill level 3 in Armour
  7779 | D:7      | Found a staircase to the Ecumenical Temple.
  7799 | D:7      | Reached skill level 4 in Armour
  8019 | D:7      | Reached XP level 10. HP: 56/56 MP: 3/11
  8093 | D:7      | Found a runed translucent gate.
  8097 | D:7      | Found a runed translucent gate.
  8097 | D:7      | Found a runed translucent gate.
  8097 | D:7      | Noticed atomjack's ghost (novice OpSu)
  8440 | D:7      | Reached skill level 5 in Armour
  9647 | D:8      | Reached skill level 6 in Armour
  9907 | D:9      | Found a staircase to the Orcish Mines.
 10018 | D:9      | Found a staircase to the Lair.
 10094 | D:9      | Reached skill level 7 in Armour
 10179 | D:9      | Identified the +1 ring mail of the True Pharaoh {rC+}
 10318 | D:9      | Noticed a two-headed ogre
 10334 | D:9      | Killed a two-headed ogre
 10335 | D:9      | Reached skill level 8 in Armour
 10335 | D:9      | Reached XP level 11. HP: 60/60 MP: 4/12
 10481 | D:9      | Noticed a two-headed ogre
 10491 | D:9      | Killed a two-headed ogre
 10492 | D:9      | Reached skill level 9 in Armour
 10673 | D:9      | Found an ornate altar of the Wu Jian Council.
 10785 | D:10     | Entered Level 10 of the Dungeon
 10817 | D:9      | Reached skill level 10 in Armour
 11371 | D:10     | Found a shadowy altar of Dithmenos.
 11374 | D:10     | Found a hide-covered altar of Uskayaw.
 11378 | D:10     | Found a bloodstained altar of Trog.
 11435 | D:10     | Reached skill level 1 in Shields
 11703 | D:10     | Found a glowing silver altar of Zin.
 11778 | D:10     | Reached skill level 5 in Fighting
 12232 | D:11     | Found a frozen archway.
 12299 | D:11     | Noticed a manticore
 12305 | D:11     | Killed a manticore
 12458 | D:11     | Identified the +6 trident "Vaoth" {vorpal, MP+9 Dex+6}
 12856 | Lair:1   | Entered Level 1 of the Lair of Beasts
 12994 | Lair:1   | Reached skill level 10 in Dodging
 13003 | Lair:1   | Reached XP level 12. HP: 60/70 MP: 13/13
 13185 | Lair:1   | Noticed Nergalle
 13192 | Lair:1   | Killed Nergalle
 13193 | Lair:1   | Reached skill level 5 in Shields
 14039 | Lair:2   | Noticed a seven-headed hydra
 14052 | Lair:2   | Killed a seven-headed hydra
 14419 | Lair:2   | Reached skill level 10 in Fighting
 14456 | Lair:2   | Reached skill level 1 in Throwing
 14618 | Lair:2   | Found a staircase to the Shoals.
 14744 | Lair:2   | Found a staircase to the Snake Pit.
 14779 | Lair:2   | Reached skill level 11 in Armour
 14779 | Lair:2   | Reached XP level 13. HP: 82/82 MP: 14/14
 15162 | Lair:3   | Found a runed translucent gate.
 15162 | Lair:3   | Found a runed translucent gate.
 15162 | Lair:3   | Noticed Fannar
 15325 | Lair:3   | Killed Fannar
 15389 | Lair:3   | Found a runed translucent gate.
 15394 | Lair:3   | Noticed Gelon's ghost (journeyman TeAE)
 15407 | Lair:3   | Reached ****** piety under Trog
 15408 | Lair:3   | Reached skill level 5 in Throwing
 15646 | Lair:3   | Noticed Urug
 15661 | Lair:3   | Killed Urug
 15661 | Lair:3   | Received a gift from Trog
 15744 | Lair:3   | Reached skill level 12 in Armour
 16310 | Lair:5   | Entered Level 5 of the Lair of Beasts
 16356 | Lair:4   | Noticed Snorg
 16397 | Lair:4   | Killed Snorg
 16651 | Lair:4   | Reached skill level 13 in Armour
 17759 | Lair:5   | Reached XP level 14. HP: 77/88 MP: 15/15
 17799 | Lair:5   | Found a viscous altar of Jiyva.
 17913 | Lair:5   | Reached skill level 14 in Armour
 18149 | Lair:5   | Received a gift from Trog
 18272 | Lair:5   | Found a staircase to the Slime Pits.
 18453 | Lair:5   | Reached skill level 10 in Throwing
 18553 | Lair:5   | Reached skill level 15 in Armour
 19164 | Lair:5   | Reached skill level 16 in Armour
 19184 | Lair:5   | Reached skill level 1 in Evocations
 19342 | Lair:5   | Identified the +8 rapier of True Grit {flame, rF+}
 20161 | D:12     | Found a portal to a secret trove of treasure.
 20191 | D:12     | Identified the +3 chain mail of Lushrof {Str+5}
 20269 | D:12     | HP: 2/88 [boulder beetle (16)]
 20271 | D:12     | Mangled by a boulder beetle

Illustrated notes

Levels and vault maps discovered:
D:1:      shiori_arrival_maze, layout_basic, nicolae_ecumenical_snake_handling,
          serial_bayou_lake_a
D:2:      layout_basic, basic_altar, serial_shops, shop
D:3:      minmay_goblin_kobold_castle, layout_basic, serial_rivers,
          chequers_serial_rivers_micro_a, chequers_serial_rivers_micro_d,
          chequers_serial_rivers_room_a, chequers_serial_rivers_micro_e,
          chequers_serial_rivers_marsh, portal_sewer_entry_a, uniq_robin,
          uniq_ijyb
D:4:      layout_gridville, kennysheep_ying_yang, enter_ossuary_4,
          gammafunk_ghost_smash
D:5:      layout_basic, fedhas_altar_2, gammafunk_ghost_mausoleum, uniq_pikel
D:6:      layout_loops_ring, kennysheep_okawaru_gauntlet, uniq_grinder,
          uniq_menkaure
D:7:      layout_loops_ring, minmay_temple_entry_grid,
          gammafunk_ghost_nasty_kobolds
D:8:      layout_loops_cross
D:9:      layout_small_grid, nzn_wu_jian_council_hall, lair_entry_dummy,
          david_orc_2, dreamdust_mushroom_princess
D:10:     layout_loops_ring, zin_scriptorium, grunt_temple_overflow_diamond,
          hangedman_decor_slide_cut, minmay_starry_boxes
D:11:     layout_roguey, portal_ice_cave_entry_imps, st_stairs_14
D:12:     layout_stronghold, nicolae_trove_entry_crystal, gauntlet_entry_generic
Lair:1:   layout_regular_city, st_stairs_8, grunt_megastairs_2, uniq_nergalle
Lair:2:   layout_gridlike, minmay_shoals_entry_lonely_mermaid,
          guppyfry_snake_entry_garden, serial_forest,
          infiniplex_forest_clump_small, infiniplex_forest_straight_4,
          infiniplex_forest_diagonal, infiniplex_forest_straight_4,
          infiniplex_forest_lined_1, st_stairs_3, small_statue_intersection
Lair:3:   layout_misc_corridors, gammafunk_ghost_split, minivault_19,
          st_stairs_11, uniq_urug, uniq_fannar
Lair:4:   layout_roguey, serial_bayou_shore_b, grunt_megastairs_4, uniq_snorg
Lair:5:   evilmike_catoblepas_cave, layout_regular_city, slime_entry_1,
          lemuel_fruit_tree, grunt_megastairs_1

Skill      XL: |  1  2  3  4  5  6  7  8  9 10 11 12 13 14 |
---------------+-------------------------------------------+-----
Polearms       | 4 6 7 8 10 12 14 | 14.0
Dodging        | 3 4 5 7 8 10 | 10.5
Armour         | 4 8 10 11 13 16 | 16.0
Fighting       | 6 10 | 10.0
Shields        | 4 5 |  5.0
Throwing       | 4 8 10 | 10.0
Evocations     | 2 |  2.8

Action                   |  1- 3 |  4- 6 |  7- 9 | 10-12 | 13-15 || total
-------------------------+-------+-------+-------+-------+-------++-------
Melee: Spear             |    93 |   147 |   567 |   351 |       ||  1158
       Peck              |    10 |    15 |    80 |   135 |   210 ||   450
       Kick              |    12 |    19 |   132 |   231 |   292 ||   686
       Punch             |       |     1 |     7 |     8 |       ||    16
       Trident           |       |       |       |   440 |    96 ||   536
       Demon trident     |       |       |       |       |   617 ||   617
Throw: Stone             |       |       |     2 |     1 |     1 ||     4
Invok: Berserk           |       |     3 |     3 |    11 |     5 ||    22
       Trog's Hand       |       |       |       |     1 |     1 ||     2
  Use: Scroll            |     3 |     9 |    12 |     3 |     3 ||    30
       Potion            |       |       |     1 |       |       ||     1
 Stab: Sleeping          |       |     2 |     3 |       |       ||     5
Armor: Leather armour    |    14 |    33 |    50 |       |       ||    97
       Animal skin       |     1 |       |       |       |       ||     1
       Chain mail        |       |       |    39 |   173 |   226 ||   438
Dodge: Dodged            |    34 |    76 |   212 |   315 |   344 ||   981
Block: Buckler           |       |       |       |    56 |   101 ||   157

Table legend: (Time is in decaauts)
 A = Elapsed time spent in this place.
 B = Non-inter-level travel time spent in this place.
 C = Inter-level travel time spent in this place.
 D = Time resting spent in this place.
 E = Time spent auto-exploring this place.
 F = Levels seen in this place.
 G = Mean time per level.
                   A        B        C        D        E       F      G
               +--------+--------+--------+--------+--------+-----+--------+
         Total |  18569 |  17231 |   1338 |   1127 |  12802 |  19 |  977.3 |
       Dungeon |  11924 |  10916 |   1008 |    828 |   8048 |  12 |  993.7 |
          Lair |   6225 |   5896 |    329 |    235 |   4533 |   5 | 1245.0 |
         Sewer |    181 |    181 |      0 |     63 |     79 |   1 |  181.0 |
       Ossuary |    237 |    237 |      0 |      0 |    140 |   1 |  237.0 |
               +--------+--------+--------+--------+--------+-----+--------+

Top non-repeatable levels by time:
  Lair:5: 1631 daAuts
     D:3: 1409 daAuts
  Lair:4: 1404 daAuts
     D:1: 1251 daAuts
     D:5: 1230 daAuts
  Lair:2: 1217 daAuts
     D:7: 1175 daAuts
     D:9: 1140 daAuts
  Lair:1: 1068 daAuts
     D:8: 1047 daAuts
     D:6: 1025 daAuts
  Lair:3: 903 daAuts
    D:10: 891 daAuts
    D:11: 802 daAuts
     D:4: 797 daAuts
